Sewer Rats vs Sasquatch
Created - June 3, 2017 at 19:03
Goals
|
| Sewer Rats |
2 |
2 |
2 |
6 |
| Sasquatch |
3 |
1 |
3 |
7 |
|
Shots
|
| Sewer Rats |
12 |
9 |
8 |
29 |
| Sasquatch |
15 |
6 |
12 |
33 |
|
1st period
1. Sasquatch , Brock Trotter 2 (Kris Russell 2) at 2:20
2. Sasquatch , Jason Zucker 5 (Garnet Hathaway 3) at 5:51
3. Sewer Rats , Mark Mancari 3 (Ville Leino 5, Peter Mueller 2) at 13:57
4. Sasquatch , Jason Akeson 3 (Drew Shore 4, Brock Trotter 2) at 17:43
5. Sewer Rats , Mark Mancari 4 (Matt Lashoff 4, Peter Mueller 3) at 17:47
Penalties :
Danny DeKeiser (Gat) for Roughing (Minor) at 9:45
2nd period
6. Sewer Rats , Peter Mueller 4 (Ville Leino 6, John Ramage 3) at 4:47
7. Sasquatch , Danny DeKeiser 2 (Yann Sauvé 1) at 5:49 (PP)
8. Sewer Rats , Matt Lashoff 1 (Mattias Ekholm 4) at 17:16
Penalties :
Nick Cousins (Tol) for Hooking (Minor) at 5:34, Lars Eller (Gat) for Hooking (Minor) at 7:23, Dmitrij Jaskin (Tol) for High sticking (Minor) at 12:56
3rd period
9. Sasquatch , Michal Jordan 1 (D.J King 1, Tyler Randell 1) at 5:02
10. Sasquatch , Linus Omark 4 (Stephane Da Costa 5, Jason Akeson 4) at 6:06
11. Sewer Rats , Derek Dorsett 1 (Zach Boychuk 4) at 6:38
12. Sasquatch , D.J King 2 (Lars Eller 4, Tyler Randell 2) at 11:48
13. Sewer Rats , Dmitrij Jaskin 1 (William Karlsson 3, Patrick Bordeleau 1) at 16:10
Penalties :
Kyle Quincey (Tol) for Roughing (Double Minor) at 0:42, Jason Akeson (Gat) for Hooking (Minor) at 0:48, Tyler Randell (Gat) for Roughing (Minor) at 7:38, Brock Trotter (Gat) for Interference (Minor) at 16:33
Goalie Stats
Brad Thiessen (Tol), 17 saves from 23 shots - (0.739), 46:06 minutes
Richard Bachman (Tol), 9 saves from 10 shots - (0.900), L, 1-1-1, 13:10 minutes
Corey Crawford (Gat), 23 saves from 29 shots - (0.793), W, 2-2-0, 60:00 minutes
Players Stats for Sewer Rats
Player Name G A P +/- PIM S H SB GA TA FO MP PP MP PK MP
------------------------------------------------------------------------------------
Derek Dorsett 1 0 1 -2 0 1 4 0 0 0 2/3 14:44 0:00 1:11
Dmitrij Jaskin 1 0 1 1 2 4 0 0 0 0 0/1 8:06 0:00 0:00
Jared Boll 0 0 0 -3 0 0 1 0 2 0 0/0 16:24 3:54 0:00
Joel Edmundson 0 0 0 -1 0 0 0 1 1 0 0/0 11:44 0:24 0:15
John Ramage 0 1 1 -1 0 0 0 0 0 0 0/0 10:44 0:00 0:49
Jonathan Marchessault 0 0 0 -1 0 0 0 0 0 0 3/4 4:19 0:55 0:00
Kyle Quincey 0 0 0 -2 4 1 1 0 1 1 0/0 17:26 3:32 0:48
Mark Mancari 2 0 2 2 0 6 2 0 0 0 0/1 20:47 4:02 0:09
Matt Lashoff 1 1 2 3 0 1 3 1 0 3 0/0 30:03 4:00 2:22
Mattias Ekholm 0 1 1 2 0 0 1 1 0 0 0/0 26:45 4:00 2:22
Nick Cousins 0 0 0 0 2 0 4 0 0 0 8/15 16:33 2:11 0:01
Patrick Bordeleau 0 1 1 0 0 4 1 0 0 0 0/0 10:32 0:24 0:56
Peter Mueller 1 2 3 3 0 3 1 0 2 0 9/29 23:46 4:02 1:57
Ryan Murphy 0 0 0 1 0 0 0 1 0 0 0/0 3:57 0:24 0:00
Steven Kampfer 0 0 0 -2 0 3 0 2 0 0 0/0 19:23 3:32 1:52
Ville Leino 0 2 2 2 0 1 0 1 1 0 2/2 14:27 2:06 1:16
Vincent Trocheck 0 0 0 0 0 0 2 1 0 1 2/9 12:35 2:05 1:04
Vojtech Polak 0 0 0 -1 0 0 0 1 0 0 1/1 2:37 0:00 0:00
William Karlsson 0 1 1 1 0 0 0 0 0 0 0/4 8:28 0:00 0:33
Zach Boychuk 0 1 1 -2 0 5 3 1 2 0 0/0 20:24 4:09 1:21
Players Stats for Sasquatch
Player Name G A P +/- PIM S H SB GA TA FO MP PP MP PK MP
------------------------------------------------------------------------------------
Brock Trotter 1 1 2 0 2 3 2 0 0 0 0/1 11:56 0:03 1:44
D.J King 1 1 2 -1 0 5 2 1 1 1 2/2 18:58 0:00 4:05
Danny DeKeiser 1 0 1 -1 2 1 0 0 1 0 0/0 24:09 2:52 2:26
Drew Shore 0 1 1 -1 0 0 4 0 0 0 7/12 14:32 0:00 3:57
Garnet Hathaway 0 1 1 1 0 1 0 0 1 0 0/0 6:00 0:00 0:00
Jason Akeson 1 1 2 1 2 2 0 0 0 0 1/3 19:06 2:24 0:00
Jason Zucker 1 0 1 1 0 3 0 0 0 1 1/1 9:55 1:49 1:29
Jonathan Blum 0 0 0 -1 0 2 2 0 1 2 0/0 26:05 2:28 4:43
Kris Russell 0 1 1 0 0 1 1 0 0 2 0/0 26:27 1:19 3:13
Lars Eller 0 1 1 -2 2 3 2 0 0 0 11/18 14:54 2:23 0:00
Linus Omark 1 0 1 1 0 5 2 0 0 2 0/0 22:13 2:05 1:59
Michal Jordan 1 0 1 2 0 1 0 0 0 0 0/0 5:52 0:03 0:00
Ryan Strome 0 0 0 -1 0 0 0 0 0 0 0/0 9:53 1:44 0:00
Sergey Kalinin 0 0 0 1 0 2 1 0 0 0 2/4 9:21 0:42 2:35
Slava Voynov 0 0 0 2 0 0 0 0 0 0 0/0 10:58 0:03 0:47
Stephane Da Costa 0 1 1 1 0 2 1 0 0 0 17/26 19:44 1:31 0:03
Tyler Randell 0 2 2 -1 2 2 3 1 0 1 1/2 13:37 0:00 0:00
Yann Sauvé 0 1 1 -2 0 0 0 1 1 0 0/0 26:20 1:43 4:43
3 Stars
1 - Peter Mueller (Tol)
2 - Mark Mancari (Tol)
3 - Matt Lashoff (Tol)
Power Play
Sewer Rats - 0 on 5 Attempt(s) - 0.00%
Sasquatch - 1 on 4 Attempt(s) - 25.00%
Penalty Kill
Sewer Rats - 3 on 4 Attempt(s) - 75.00%
- Score 0 goal in Penalty Kill
Sasquatch - 5 on 5 Attempt(s) - 100.00%
- Score 0 goal in Penalty Kill
Team Stat
Sewer Rats - Hits : 23 - Faceoff Wins : 27 - Blocked Shots : 10 - Penalty Minutes : 8
Sasquatch - Hits : 20 - Faceoff Wins : 42 - Blocked Shots : 3 - Penalty Minutes : 10
Official
Referees : Marouelli Dan and Rehman Kyle
Linesman : Mike Cvik and Thor Nelson
Game Notes
Vojtech Polak is injured at 13:34 of 1st period (Strained Left Knee)
Jonathan Marchessault is injured at 14:33 of 1st period (Bruised Right Shoulder)
Ville Leino is injured at 16:42 of 2nd period (Strained Left Elbow)
Richard Bachman enters game at 6:06 of 3rd period
Finance
Level 1 -- Attendance: 1792 (89.60%) -- Ticket Income $62,720
Level 2 -- Attendance: 900 (90.00%) -- Ticket Income $13,500
Total Attendance: 2692 (89.73%)
Total Ticket Income: $76,220
Other Income: $3,811
Total Income: $80,031
Sewer Rats
5 vs 5 Forward
Center Left Wing Right Wing Time % Phy DF OF
1 Peter Mueller Ville Leino Mark Mancari 40 1 2 2
2 Jonathan Marchessault Zach Boychuk Jared Boll 30 1 2 2
3 Vincent Trocheck Vojtech Polak Derek Dorsett 20 1 2 2
4 William Karlsson Patrick Bordeleau Dmitrij Jaskin 10 1 2 2
5 vs 5 Defense
Defense Defense Time % Phy DF OF
1 Matt Lashoff Mattias Ekholm 40 1 2 2
2 Kyle Quincey Steven Kampfer 30 1 2 2
3 Joel Edmundson John Ramage 20 1 2 2
4 Ryan Murphy Matt Lashoff 10 1 2 2
PowerPlay Forward
Center Left Wing Right Wing Time % Phy DF OF
1 Peter Mueller Ville Leino Mark Mancari 60 1 2 2
2 Jonathan Marchessault Zach Boychuk Jared Boll 40 1 2 2
PowerPlay Defense
Defense Defense Time % Phy DF OF
1 Matt Lashoff Mattias Ekholm 60 1 2 2
2 Kyle Quincey Steven Kampfer 40 1 2 2
Penalty Kill 4 Players Forward
Center Wing Time % Phy DF OF
1 Ville Leino Peter Mueller 60 1 2 2
2 Mark Mancari Zach Boychuk 40 1 2 2
Penalty Kill 4 Players Defense
Defense Defense Time % Phy DF OF
1 Matt Lashoff Mattias Ekholm 60 1 2 2
2 Kyle Quincey Steven Kampfer 40 1 2 2
Penalty Kill - 3 Players Forward
Forward Time % Phy DF OF
1 Ville Leino 60 1 2 2
2 Peter Mueller 40 1 2 2
Penalty Kill - 3 Players Defense
Defense Defense Time % Phy DF OF
1 Matt Lashoff Mattias Ekholm 60 1 2 2
2 Kyle Quincey Steven Kampfer 40 1 2 2
4 vs 4 Forward
Center Wing Time % Phy DF OF
1 Ville Leino Peter Mueller 60 1 2 2
2 Mark Mancari Zach Boychuk 40 1 2 2
4 vs 4 Defense
Defense Defense Time % Phy DF OF
1 Matt Lashoff Mattias Ekholm 60 1 2 2
2 Kyle Quincey Steven Kampfer 40 1 2 2
Last Minutes Offensive
Center Left Wing Right Wing Defense Defense
Peter Mueller Ville Leino Mark Mancari Matt Lashoff Mattias Ekholm
Last Minutes Defensive
Center Left Wing Right Wing Defense Defense
Peter Mueller Ville Leino Mark Mancari Matt Lashoff Mattias Ekholm
Goaltenders
Starting : Brad Thiessen
Backup : Richard Bachman
Extra Forwards
Normal : Nick Cousins, Vojtech Polak, Derek Dorsett - PP : Nick Cousins, Vojtech Polak - PK : Derek Dorsett
Extra Defensemen
Normal : Joel Edmundson, John Ramage, Ryan Murphy - PP : Joel Edmundson - PK : John Ramage, Ryan Murphy
Penalty Shots
Ville Leino, Peter Mueller, Mark Mancari, Zach Boychuk, Jared Boll
Scratches
Daniel Carr (Healthy), Kyle Turris (Bruised Left Arm Injury), Jonathan Marchessault (Bruised Right Shoulder Injury), John Lammers (Healthy), Josh Archibald (Healthy)
Jarred Tinordi (Healthy), Xavier Ouellet (Healthy), Jonathan Racine (Healthy), Ville Leino (Strained Left Elbow Injury), Vojtech Polak (Strained Left Knee Injury)
Tom Sestito (Healthy)
Sasquatch
5 vs 5 Forward
Center Left Wing Right Wing Time % Phy DF OF
1 Stephane Da Costa Linus Omark Jason Akeson 40 1 2 2
2 Lars Eller D.J King Tyler Randell 30 1 2 2
3 Drew Shore Brock Trotter Ryan Strome 20 1 2 2
4 Sergey Kalinin Jason Zucker Garnet Hathaway 10 1 2 2
5 vs 5 Defense
Defense Defense Time % Phy DF OF
1 Yann Sauvé Danny DeKeiser 40 1 2 2
2 Kris Russell Jonathan Blum 30 1 2 2
3 Kris Russell Slava Voynov 20 1 2 2
4 Jonathan Blum Michal Jordan 10 1 2 2
PowerPlay Forward
Center Left Wing Right Wing Time % Phy DF OF
1 Lars Eller Linus Omark Jason Akeson 60 1 2 2
2 Stephane Da Costa Jason Zucker Ryan Strome 40 1 2 2
PowerPlay Defense
Defense Defense Time % Phy DF OF
1 Danny DeKeiser Yann Sauvé 60 1 2 2
2 Kris Russell Jonathan Blum 40 1 2 2
Penalty Kill 4 Players Forward
Center Wing Time % Phy DF OF
1 Drew Shore D.J King 60 1 2 2
2 Sergey Kalinin Linus Omark 40 1 2 2
Penalty Kill 4 Players Defense
Defense Defense Time % Phy DF OF
1 Yann Sauvé Jonathan Blum 60 1 2 2
2 Kris Russell Danny DeKeiser 40 1 2 2
Penalty Kill - 3 Players Forward
Forward Time % Phy DF OF
1 Drew Shore 60 1 2 2
2 Sergey Kalinin 40 1 2 2
Penalty Kill - 3 Players Defense
Defense Defense Time % Phy DF OF
1 Jonathan Blum Yann Sauvé 60 1 2 2
2 Danny DeKeiser Kris Russell 40 1 2 2
4 vs 4 Forward
Center Wing Time % Phy DF OF
1 Drew Shore D.J King 60 1 2 2
2 Stephane Da Costa Linus Omark 40 1 2 2
4 vs 4 Defense
Defense Defense Time % Phy DF OF
1 Kris Russell Yann Sauvé 60 1 2 2
2 Danny DeKeiser Jonathan Blum 40 1 2 2
Last Minutes Offensive
Center Left Wing Right Wing Defense Defense
Lars Eller Linus Omark Jason Akeson Kris Russell Jonathan Blum
Last Minutes Defensive
Center Left Wing Right Wing Defense Defense
Drew Shore Linus Omark D.J King Danny DeKeiser Jonathan Blum
Goaltenders
Starting : Corey Crawford
Backup : Martin Houle
Extra Forwards
Normal : Jason Zucker, Jason Akeson, Brock Trotter - PP : Sergey Kalinin, Linus Omark - PK : Brock Trotter
Extra Defensemen
Normal : Jonathan Blum, Kris Russell, Danny DeKeiser - PP : Kris Russell - PK : Slava Voynov, Danny DeKeiser
Penalty Shots
Linus Omark, Lars Eller, Jason Akeson, Ryan Strome, Jason Zucker
Scratches
Andy Andreoff (Healthy), Philip Varone (Healthy), James Wisniewski (Sprained Right Knee Injury), Nick Leddy (Suspend), Ty Rattie (Healthy)
Teemu Hartikainen (Healthy), Jack Campbell (Healthy)
% Time on Ice - Sewer Rats
Lines # - Real PCT - Wanted PCT - Time Play
Normal Forward
1 - 35% - 40% - 15:36
2 - 29% - 30% - 12:46
3 - 19% - 20% - 8:35
4 - 17% - 10% - 7:48
Normal Defense
1 - 42% - 40% - 18:51
2 - 29% - 30% - 13:04
3 - 21% - 20% - 9:32
4 - 7% - 10% - 3:18
PP Forward
1 - 51% - 60% - 4:02
2 - 49% - 40% - 3:54
PP Defense
1 - 55% - 60% - 4:24
2 - 45% - 40% - 3:32
PK Forward
1 - 96% - 60% - 4:05
2 - 4% - 40% - 0:09
PK Defense
1 - 56% - 60% - 2:22
2 - 44% - 40% - 1:52
PK3 Forward
1 - 0% - 60%
2 - 0% - 40%
PK3 Defense
1 - 0% - 60%
2 - 0% - 40%
44 Forward
1 - 100% - 60% - 1:59
2 - 0% - 40% - 0:00
44 Defense
1 - 54% - 60% - 1:04
2 - 46% - 40% - 0:55
Last Minute Offensive - 1:06
Last Minute Defensive - 0:00
Total
Forward - 60:00
Defense - 60:00
|
% Time on Ice - Sasquatch
Lines # - Real PCT - Wanted PCT - Time Play
Normal Forward
1 - 40% - 40% - 18:05
2 - 28% - 30% - 12:44
3 - 19% - 20% - 8:31
4 - 13% - 10% - 5:48
Normal Defense
1 - 42% - 40% - 19:01
2 - 27% - 30% - 12:23
3 - 20% - 20% - 9:15
4 - 10% - 10% - 4:29
PP Forward
1 - 56% - 60% - 2:23
2 - 44% - 40% - 1:51
PP Defense
1 - 56% - 60% - 2:23
2 - 44% - 40% - 1:51
PK Forward
1 - 75% - 60% - 5:57
2 - 25% - 40% - 1:59
PK Defense
1 - 59% - 60% - 4:43
2 - 41% - 40% - 3:13
PK3 Forward
1 - 0% - 60%
2 - 0% - 40%
PK3 Defense
1 - 0% - 60%
2 - 0% - 40%
44 Forward
1 - 63% - 60% - 1:15
2 - 37% - 40% - 0:44
44 Defense
1 - 67% - 60% - 1:20
2 - 33% - 40% - 0:39
Last Minute Offensive - 0:00
Last Minute Defensive - 0:43
Total
Forward - 60:00
Defense - 60:00
|
Play by Play
1st period
0:01 of 1st period - Stephane Da Costa wins face-off versus Peter Mueller in neutral zone.
0:37 of 1st period - Snap shot by Zach Boychuk.
0:37 of 1st period - Stopped by Corey Crawford with a rebound.
0:39 of 1st period - Wrist shot by Matt Lashoff.
0:39 of 1st period - Shot Blocked by D.J King.
0:49 of 1st period - Steven Kampfer is hit by Jonathan Blum and loses puck.
0:58 of 1st period - Snap shot by Brock Trotter.
0:58 of 1st period - Shot Misses the Net.
1:18 of 1st period - William Karlsson is hit by Sergey Kalinin and loses puck.
1:31 of 1st period - Wrist shot by Jason Akeson.
1:31 of 1st period - Shot Blocked by Steven Kampfer.
1:33 of 1st period - Slapshot by Danny DeKeiser.
1:33 of 1st period - Shot Misses the Net.
2:01 of 1st period - Wrist shot by Lars Eller.
2:01 of 1st period - Shot Blocked by Zach Boychuk.
2:20 of 1st period - Snap shot by Brock Trotter.
2:20 of 1st period - Goal by Brock Trotter - Sewer Rats : 0 - Sasquatch : 1.
2:21 of 1st period - Stephane Da Costa wins face-off versus Peter Mueller in neutral zone.
2:47 of 1st period - D.J King is hit by Jared Boll and loses puck.
3:12 of 1st period - Wrist shot by Dmitrij Jaskin.
3:12 of 1st period - Stopped by Corey Crawford without a rebound.
3:13 of 1st period - Drew Shore wins face-off versus Peter Mueller in Sasquatch zone.
3:51 of 1st period - Snap shot by Stephane Da Costa.
3:51 of 1st period - Stopped by Brad Thiessen without a rebound.
3:52 of 1st period - Vojtech Polak wins face-off versus Stephane Da Costa in Sewer Rats zone.
3:59 of 1st period - Wrist shot by Vojtech Polak.
3:59 of 1st period - Shot Misses the Net.
4:06 of 1st period - Off-side.
4:07 of 1st period - Lars Eller wins face-off versus Peter Mueller in neutral zone.
4:15 of 1st period - Wrist shot by Mark Mancari.
4:15 of 1st period - Stopped by Corey Crawford without a rebound.
4:16 of 1st period - Tyler Randell wins face-off versus Peter Mueller in Sasquatch zone.
4:37 of 1st period - Snap shot by Ville Leino.
4:37 of 1st period - Shot Blocked by Tyler Randell.
4:39 of 1st period - Wrist shot by Ville Leino.
4:39 of 1st period - Stopped by Corey Crawford without a rebound.
4:40 of 1st period - Jonathan Marchessault wins face-off versus Stephane Da Costa in Sasquatch zone.
4:41 of 1st period - Backhand shot by Zach Boychuk.
4:41 of 1st period - Stopped by Corey Crawford without a rebound.
4:42 of 1st period - Stephane Da Costa wins face-off versus Jonathan Marchessault in Sasquatch zone.
4:42 of 1st period - Stephane Da Costa is hit by Mattias Ekholm.
4:50 of 1st period - Wrist shot by Jason Akeson.
4:50 of 1st period - Stopped by Brad Thiessen without a rebound.
4:51 of 1st period - Stephane Da Costa wins face-off versus Vincent Trocheck in Sewer Rats zone.
4:52 of 1st period - Backhand shot by Jason Akeson.
4:52 of 1st period - Deflect By Linus Omark.
4:52 of 1st period - Shot Misses the Net.
4:52 of 1st period - Puck is out of play.
4:53 of 1st period - Stephane Da Costa wins face-off versus Vincent Trocheck in Sewer Rats zone.
5:51 of 1st period - Slapshot by Jason Zucker.
5:51 of 1st period - Goal by Jason Zucker - Sewer Rats : 0 - Sasquatch : 2.
5:52 of 1st period - Lars Eller wins face-off versus William Karlsson in neutral zone.
6:04 of 1st period - Slapshot by Steven Kampfer.
6:04 of 1st period - Stopped by Corey Crawford without a rebound.
6:05 of 1st period - Peter Mueller wins face-off versus Sergey Kalinin in Sasquatch zone.
6:20 of 1st period - Snap shot by Jason Zucker.
6:20 of 1st period - Stopped by Brad Thiessen without a rebound.
6:21 of 1st period - Jonathan Marchessault wins face-off versus Drew Shore in Sewer Rats zone.
6:28 of 1st period - Wrist shot by Brock Trotter.
6:28 of 1st period - Stopped by Brad Thiessen without a rebound.
6:29 of 1st period - Jonathan Marchessault wins face-off versus Drew Shore in Sewer Rats zone.
6:40 of 1st period - Snap shot by Brock Trotter.
6:40 of 1st period - Shot Blocked by Steven Kampfer.
7:24 of 1st period - Slapshot by D.J King.
7:24 of 1st period - Stopped by Brad Thiessen with a rebound.
7:26 of 1st period - Snap shot by D.J King.
7:26 of 1st period - Shot Misses the Net.
7:55 of 1st period - William Karlsson is hit by Linus Omark and loses puck.
8:02 of 1st period - Wrist shot by Linus Omark.
8:02 of 1st period - Stopped by Brad Thiessen with a rebound.
8:16 of 1st period - Ryan Strome is hit by Mark Mancari and loses puck.
8:44 of 1st period - Wrist shot by Lars Eller.
8:44 of 1st period - Stopped by Brad Thiessen with a rebound.
8:46 of 1st period - Wrist shot by D.J King.
8:46 of 1st period - Stopped by Brad Thiessen with a rebound.
9:42 of 1st period - Wrist shot by Mark Mancari.
9:42 of 1st period - Stopped by Corey Crawford without a rebound.
9:43 of 1st period - Lars Eller wins face-off versus Mark Mancari in Sasquatch zone.
9:45 of 1st period - Minor Penalty to Danny DeKeiser for Roughing.
9:46 of 1st period - Drew Shore wins face-off versus Peter Mueller in Sasquatch zone.
10:15 of 1st period - Wrist shot by Zach Boychuk.
10:15 of 1st period - Stopped by Corey Crawford with a rebound.
11:45 of 1st period - Penalty to Danny DeKeiser is over, Danny DeKeiser is back on ice.
11:55 of 1st period - Brock Trotter is hit by Zach Boychuk and loses puck.
12:42 of 1st period - Icing by Dmitrij Jaskin.
12:43 of 1st period - Sergey Kalinin wins face-off versus Dmitrij Jaskin in Sewer Rats zone.
13:32 of 1st period - Snap shot by Garnet Hathaway.
13:32 of 1st period - Stopped by Brad Thiessen with a rebound.
13:34 of 1st period - Slapshot by Garnet Hathaway.
13:34 of 1st period - Shot Blocked by Vojtech Polak.
13:34 of 1st period - Vojtech Polak from Sewer Rats is injured at 13:34 of 1st period (Strained Left Knee).
13:35 of 1st period - Peter Mueller wins face-off versus Tyler Randell in Sewer Rats zone.
13:35 of 1st period - Peter Mueller is hit by D.J King.
13:43 of 1st period - Slapshot by Peter Mueller.
13:43 of 1st period - Stopped by Corey Crawford without a rebound.
13:44 of 1st period - Lars Eller wins face-off versus Peter Mueller in Sasquatch zone.
13:57 of 1st period - Slapshot by Mark Mancari.
13:57 of 1st period - Goal by Mark Mancari - Sewer Rats : 1 - Sasquatch : 2.
13:58 of 1st period - Stephane Da Costa wins face-off versus Peter Mueller in neutral zone.
14:25 of 1st period - Zach Boychuk is hit by Tyler Randell and loses puck.
14:32 of 1st period - Jonathan Marchessault is hit by D.J King and loses puck.
14:33 of 1st period - Jonathan Marchessault from Sewer Rats is injured at 14:33 of 1st period (Bruised Right Shoulder).
14:34 of 1st period - Stephane Da Costa wins face-off versus Peter Mueller in Sewer Rats zone.
15:07 of 1st period - Slapshot by Lars Eller.
15:07 of 1st period - Stopped by Brad Thiessen without a rebound.
15:08 of 1st period - D.J King wins face-off versus Peter Mueller in Sewer Rats zone.
16:06 of 1st period - Icing by Brock Trotter.
16:07 of 1st period - Sergey Kalinin wins face-off versus William Karlsson in Sasquatch zone.
16:16 of 1st period - Slapshot by Sergey Kalinin.
16:16 of 1st period - Stopped by Brad Thiessen with a rebound.
17:11 of 1st period - Kris Russell is hit by Vincent Trocheck and loses puck.
17:17 of 1st period - Icing by Kris Russell.
17:18 of 1st period - Nick Cousins wins face-off versus Brock Trotter in Sasquatch zone.
17:43 of 1st period - Slapshot by Jason Akeson.
17:43 of 1st period - Goal by Jason Akeson - Sewer Rats : 1 - Sasquatch : 3.
17:44 of 1st period - Peter Mueller wins face-off versus Stephane Da Costa in neutral zone.
17:47 of 1st period - Slapshot by Matt Lashoff.
17:47 of 1st period - Deflect By Mark Mancari.
17:47 of 1st period - Goal by Mark Mancari - Sewer Rats : 2 - Sasquatch : 3.
17:48 of 1st period - Peter Mueller wins face-off versus Stephane Da Costa in neutral zone.
18:01 of 1st period - Slapshot by Matt Lashoff.
18:01 of 1st period - Deflect By Peter Mueller.
18:01 of 1st period - Shot Misses the Net.
18:01 of 1st period - Puck is out of play.
18:02 of 1st period - Lars Eller wins face-off versus Nick Cousins in Sasquatch zone.
18:13 of 1st period - Snap shot by Lars Eller.
18:13 of 1st period - Shot Misses the Net.
18:30 of 1st period - Ville Leino is hit by Jonathan Blum and loses puck.
19:09 of 1st period - Wrist shot by Dmitrij Jaskin.
19:09 of 1st period - Stopped by Corey Crawford with a rebound.
19:11 of 1st period - Slapshot by Joel Edmundson.
19:11 of 1st period - Shot Misses the Net.
19:23 of 1st period - Slapshot by Kris Russell.
19:23 of 1st period - Stopped by Brad Thiessen without a rebound.
19:24 of 1st period - Stephane Da Costa wins face-off versus Derek Dorsett in Sewer Rats zone.
19:25 of 1st period - Snap shot by Linus Omark.
19:25 of 1st period - Shot Misses the Net.
19:31 of 1st period - Jason Akeson is hit by Derek Dorsett and loses puck.
Goals for this period are 2 for Sewer Rats vs 3 for Sasquatch.
Shots for this period are 12 for Sewer Rats vs 15 for Sasquatch.
2nd period
0:01 of 2nd period - Stephane Da Costa wins face-off versus Peter Mueller in neutral zone.
0:58 of 2nd period - Danny DeKeiser is hit by Matt Lashoff and loses puck.
1:15 of 2nd period - Sergey Kalinin is hit by Patrick Bordeleau and loses puck.
1:28 of 2nd period - Wrist shot by Linus Omark.
1:28 of 2nd period - Stopped by Brad Thiessen without a rebound.
1:29 of 2nd period - Stephane Da Costa wins face-off versus Vincent Trocheck in Sewer Rats zone.
2:43 of 2nd period - Snap shot by Dmitrij Jaskin.
2:43 of 2nd period - Stopped by Corey Crawford with a rebound.
2:57 of 2nd period - Wrist shot by Jason Akeson.
2:57 of 2nd period - Deflect By Linus Omark.
2:57 of 2nd period - Shot Blocked by Ryan Murphy.
2:57 of 2nd period - Puck is out of play.
2:58 of 2nd period - Nick Cousins wins face-off versus Stephane Da Costa in Sewer Rats zone.
3:25 of 2nd period - Snap shot by Lars Eller.
3:25 of 2nd period - Stopped by Brad Thiessen with a rebound.
3:27 of 2nd period - Snap shot by Tyler Randell.
3:27 of 2nd period - Stopped by Brad Thiessen with a rebound.
3:52 of 2nd period - Icing by Jonathan Blum.
3:53 of 2nd period - Drew Shore wins face-off versus William Karlsson in Sasquatch zone.
4:14 of 2nd period - Joel Edmundson is hit by Stephane Da Costa and loses puck.
4:33 of 2nd period - Slapshot by Brock Trotter.
4:33 of 2nd period - Shot Blocked by Joel Edmundson.
4:37 of 2nd period - Wrist shot by Brock Trotter.
4:37 of 2nd period - Shot Misses the Net.
4:47 of 2nd period - Snap shot by Ville Leino.
4:47 of 2nd period - Deflect By Peter Mueller.
4:47 of 2nd period - Goal by Peter Mueller - Sewer Rats : 3 - Sasquatch : 3.
4:48 of 2nd period - Stephane Da Costa wins face-off versus Peter Mueller in neutral zone.
5:03 of 2nd period - Jason Akeson is hit by Mark Mancari and loses puck.
5:21 of 2nd period - Off-side.
5:22 of 2nd period - Lars Eller wins face-off versus Nick Cousins in neutral zone.
5:34 of 2nd period - Minor Penalty to Nick Cousins for Hooking.
5:35 of 2nd period - Ville Leino wins face-off versus Lars Eller in Sewer Rats zone.
5:49 of 2nd period - Slapshot by Danny DeKeiser.
5:49 of 2nd period - Goal by Danny DeKeiser - Sewer Rats : 3 - Sasquatch : 4.
5:50 of 2nd period - Stephane Da Costa wins face-off versus Peter Mueller in neutral zone.
5:59 of 2nd period - Snap shot by Jason Akeson.
5:59 of 2nd period - Deflect By Stephane Da Costa.
5:59 of 2nd period - Shot Misses the Net.
5:59 of 2nd period - Puck is out of play.
6:00 of 2nd period - Stephane Da Costa wins face-off versus Peter Mueller in Sewer Rats zone.
6:21 of 2nd period - Snap shot by Linus Omark.
6:21 of 2nd period - Stopped by Brad Thiessen with a rebound.
7:02 of 2nd period - Off-side.
7:03 of 2nd period - Nick Cousins wins face-off versus Lars Eller in neutral zone.
7:06 of 2nd period - Wrist shot by Zach Boychuk.
7:06 of 2nd period - Shot Blocked by Yann Sauvé.
7:08 of 2nd period - Snap shot by Zach Boychuk.
7:08 of 2nd period - Stopped by Corey Crawford without a rebound.
7:09 of 2nd period - Nick Cousins wins face-off versus Lars Eller in Sasquatch zone.
7:23 of 2nd period - Minor Penalty to Lars Eller for Hooking.
7:24 of 2nd period - Peter Mueller wins face-off versus Drew Shore in Sasquatch zone.
8:54 of 2nd period - Mark Mancari is hit by Brock Trotter and loses puck.
9:23 of 2nd period - Penalty to Lars Eller is over, Lars Eller is back on ice.
9:49 of 2nd period - Wrist shot by Steven Kampfer.
9:49 of 2nd period - Stopped by Corey Crawford with a rebound.
9:51 of 2nd period - Wrist shot by Kyle Quincey.
9:51 of 2nd period - Stopped by Corey Crawford with a rebound.
9:53 of 2nd period - Slapshot by Steven Kampfer.
9:53 of 2nd period - Stopped by Corey Crawford with a rebound.
10:09 of 2nd period - John Ramage is hit by Drew Shore and loses puck.
10:50 of 2nd period - Mark Mancari is hit by Linus Omark and loses puck.
11:09 of 2nd period - Matt Lashoff is hit by Drew Shore.
11:33 of 2nd period - Garnet Hathaway is hit by Matt Lashoff and loses puck.
11:52 of 2nd period - Slapshot by Lars Eller.
11:52 of 2nd period - Shot Misses the Net.
11:58 of 2nd period - Tyler Randell is hit by Peter Mueller and loses puck.
12:23 of 2nd period - Jared Boll is hit by Kris Russell and loses puck.
12:56 of 2nd period - Minor Penalty to Dmitrij Jaskin for High sticking.
12:57 of 2nd period - Ville Leino wins face-off versus Lars Eller in Sewer Rats zone.
13:07 of 2nd period - Snap shot by Linus Omark.
13:07 of 2nd period - Stopped by Brad Thiessen with a rebound.
13:11 of 2nd period - Slapshot by Linus Omark.
13:11 of 2nd period - Shot Misses the Net.
13:13 of 2nd period - Wrist shot by Linus Omark.
13:13 of 2nd period - Shot Blocked by Matt Lashoff.
13:29 of 2nd period - Slapshot by Yann Sauvé.
13:29 of 2nd period - Shot Blocked by Ville Leino.
13:55 of 2nd period - Jason Akeson is hit by Derek Dorsett and loses puck.
14:56 of 2nd period - Penalty to Dmitrij Jaskin is over, Dmitrij Jaskin is back on ice.
15:06 of 2nd period - Wrist shot by William Karlsson.
15:06 of 2nd period - Shot Misses the Net.
15:08 of 2nd period - Slapshot by Steven Kampfer.
15:08 of 2nd period - Deflect By Patrick Bordeleau.
15:08 of 2nd period - Stopped by Corey Crawford with a rebound.
15:10 of 2nd period - Slapshot by Patrick Bordeleau.
15:10 of 2nd period - Stopped by Corey Crawford with a rebound.
15:52 of 2nd period - Patrick Bordeleau is hit by Brock Trotter and loses puck.
16:13 of 2nd period - Lars Eller is hit by Vincent Trocheck and loses puck.
16:41 of 2nd period - Ville Leino is hit by Drew Shore and loses puck.
16:42 of 2nd period - Ville Leino from Sewer Rats is injured at 16:42 of 2nd period (Strained Left Elbow).
16:43 of 2nd period - Lars Eller wins face-off versus Peter Mueller in Sewer Rats zone.
17:16 of 2nd period - Slapshot by Matt Lashoff.
17:16 of 2nd period - Deflect By Brock Trotter.
17:16 of 2nd period - Goal by Matt Lashoff - Sewer Rats : 4 - Sasquatch : 4.
17:17 of 2nd period - Nick Cousins wins face-off versus Stephane Da Costa in neutral zone.
17:42 of 2nd period - Yann Sauvé is hit by Derek Dorsett and loses puck.
19:53 of 2nd period - Peter Mueller is hit by Tyler Randell and loses puck.
19:58 of 2nd period - Wrist shot by Lars Eller.
19:58 of 2nd period - Deflect By Nick Cousins.
19:58 of 2nd period - Shot Misses the Net.
19:58 of 2nd period - Puck is out of play.
19:59 of 2nd period - Peter Mueller wins face-off versus Stephane Da Costa in Sewer Rats zone.
Goals for this period are 2 for Sewer Rats vs 1 for Sasquatch.
Shots for this period are 9 for Sewer Rats vs 6 for Sasquatch.
3rd period
0:01 of 3rd period - Peter Mueller wins face-off versus Stephane Da Costa in neutral zone.
0:42 of 3rd period - Double Minor Penalty to Kyle Quincey for Roughing.
0:43 of 3rd period - Derek Dorsett wins face-off versus Lars Eller in Sewer Rats zone.
0:48 of 3rd period - Minor Penalty to Jason Akeson for Hooking.
0:49 of 3rd period - Drew Shore wins face-off versus Nick Cousins in Sasquatch zone.
1:52 of 3rd period - Icing by Danny DeKeiser.
1:53 of 3rd period - Jason Zucker wins face-off versus Vincent Trocheck in Sasquatch zone.
2:48 of 3rd period - Penalty to Jason Akeson is over, Jason Akeson is back on ice.
4:42 of 3rd period - Penalty to Kyle Quincey is over, Kyle Quincey is back on ice.
5:00 of 3rd period - Wrist shot by D.J King.
5:00 of 3rd period - Shot Misses the Net.
5:02 of 3rd period - Slapshot by Michal Jordan.
5:02 of 3rd period - Goal by Michal Jordan - Sewer Rats : 4 - Sasquatch : 5.
5:03 of 3rd period - Lars Eller wins face-off versus Nick Cousins in neutral zone.
5:06 of 3rd period - John Ramage is hit by Lars Eller.
5:16 of 3rd period - Peter Mueller is hit by Tyler Randell and loses puck.
6:06 of 3rd period - Snap shot by Linus Omark.
6:06 of 3rd period - Goal by Linus Omark - Sewer Rats : 4 - Sasquatch : 6.
6:06 of 3rd period - Richard Bachman enters game.
6:07 of 3rd period - Lars Eller wins face-off versus Nick Cousins in neutral zone.
6:34 of 3rd period - Drew Shore is hit by Zach Boychuk.
6:38 of 3rd period - Wrist shot by Derek Dorsett.
6:38 of 3rd period - Goal by Derek Dorsett - Sewer Rats : 5 - Sasquatch : 6.
6:39 of 3rd period - Stephane Da Costa wins face-off versus Peter Mueller in neutral zone.
6:41 of 3rd period - Kris Russell is hit by Matt Lashoff and loses puck.
6:53 of 3rd period - Slapshot by Peter Mueller.
6:53 of 3rd period - Stopped by Corey Crawford without a rebound.
6:54 of 3rd period - Lars Eller wins face-off versus Nick Cousins in Sasquatch zone.
6:58 of 3rd period - Off-side.
6:59 of 3rd period - Nick Cousins wins face-off versus Lars Eller in neutral zone.
7:04 of 3rd period - Slapshot by Zach Boychuk.
7:04 of 3rd period - Deflect By Danny DeKeiser.
7:04 of 3rd period - Stopped by Corey Crawford without a rebound.
7:05 of 3rd period - Jason Akeson wins face-off versus Peter Mueller in Sasquatch zone.
7:38 of 3rd period - Minor Penalty to Tyler Randell for Roughing.
7:39 of 3rd period - Drew Shore wins face-off versus Peter Mueller in Sasquatch zone.
7:39 of 3rd period - Drew Shore is hit by Nick Cousins.
7:50 of 3rd period - Drew Shore is hit by Nick Cousins and loses puck.
9:38 of 3rd period - Penalty to Tyler Randell is over, Tyler Randell is back on ice.
9:49 of 3rd period - Wrist shot by Patrick Bordeleau.
9:49 of 3rd period - Stopped by Corey Crawford with a rebound.
9:57 of 3rd period - Slapshot by Jonathan Blum.
9:57 of 3rd period - Deflect By Patrick Bordeleau.
9:57 of 3rd period - Stopped by Richard Bachman without a rebound.
9:58 of 3rd period - Stephane Da Costa wins face-off versus William Karlsson in Sewer Rats zone.
10:20 of 3rd period - Icing by Mattias Ekholm.
10:21 of 3rd period - Nick Cousins wins face-off versus Sergey Kalinin in Sewer Rats zone.
10:28 of 3rd period - Wrist shot by Jason Zucker.
10:28 of 3rd period - Shot Blocked by Mattias Ekholm.
10:30 of 3rd period - Wrist shot by Sergey Kalinin.
10:30 of 3rd period - Stopped by Richard Bachman with a rebound.
10:32 of 3rd period - Snap shot by Jason Zucker.
10:32 of 3rd period - Stopped by Richard Bachman without a rebound.
10:33 of 3rd period - Peter Mueller wins face-off versus Jason Akeson in Sewer Rats zone.
10:52 of 3rd period - Stephane Da Costa is hit by Nick Cousins.
11:04 of 3rd period - Wrist shot by D.J King.
11:04 of 3rd period - Stopped by Richard Bachman without a rebound.
11:05 of 3rd period - Derek Dorsett wins face-off versus Lars Eller in Sewer Rats zone.
11:48 of 3rd period - Snap shot by D.J King.
11:48 of 3rd period - Goal by D.J King - Sewer Rats : 5 - Sasquatch : 7.
11:49 of 3rd period - Stephane Da Costa wins face-off versus Peter Mueller in neutral zone.
12:00 of 3rd period - Snap shot by Stephane Da Costa.
12:00 of 3rd period - Stopped by Richard Bachman with a rebound.
12:06 of 3rd period - Kris Russell is hit by Nick Cousins and loses puck.
12:21 of 3rd period - Jonathan Blum is hit by Zach Boychuk and loses puck.
13:14 of 3rd period - Snap shot by Patrick Bordeleau.
13:14 of 3rd period - Shot Misses the Net.
13:44 of 3rd period - Peter Mueller is hit by Lars Eller and loses puck.
13:52 of 3rd period - Off-side.
13:53 of 3rd period - Stephane Da Costa wins face-off versus Vincent Trocheck in neutral zone.
13:56 of 3rd period - Slapshot by Jonathan Blum.
13:56 of 3rd period - Stopped by Richard Bachman without a rebound.
13:57 of 3rd period - Vincent Trocheck wins face-off versus Stephane Da Costa in Sewer Rats zone.
14:07 of 3rd period - Snap shot by Stephane Da Costa.
14:07 of 3rd period - Shot Misses the Net.
14:14 of 3rd period - Icing by Matt Lashoff.
14:15 of 3rd period - Lars Eller wins face-off versus Vincent Trocheck in Sewer Rats zone.
14:24 of 3rd period - Wrist shot by D.J King.
14:24 of 3rd period - Stopped by Richard Bachman with a rebound.
14:26 of 3rd period - Slapshot by Lars Eller.
14:26 of 3rd period - Shot Blocked by Vincent Trocheck.
14:28 of 3rd period - Snap shot by Tyler Randell.
14:28 of 3rd period - Stopped by Richard Bachman with a rebound.
14:46 of 3rd period - Wrist shot by Peter Mueller.
14:46 of 3rd period - Shot Misses the Net.
14:49 of 3rd period - Icing by Yann Sauvé.
14:50 of 3rd period - Nick Cousins wins face-off versus Jason Akeson in Sasquatch zone.
14:59 of 3rd period - Snap shot by Linus Omark.
14:59 of 3rd period - Shot Misses the Net.
15:10 of 3rd period - Icing by Steven Kampfer.
15:11 of 3rd period - Drew Shore wins face-off versus Nick Cousins in Sewer Rats zone.
15:14 of 3rd period - Slapshot by Brock Trotter.
15:14 of 3rd period - Stopped by Richard Bachman without a rebound.
15:15 of 3rd period - Vincent Trocheck wins face-off versus Drew Shore in Sewer Rats zone.
16:06 of 3rd period - Wrist shot by Patrick Bordeleau.
16:06 of 3rd period - Stopped by Corey Crawford with a rebound.
16:08 of 3rd period - Wrist shot by William Karlsson.
16:08 of 3rd period - Shot Misses the Net.
16:10 of 3rd period - Wrist shot by Dmitrij Jaskin.
16:10 of 3rd period - Goal by Dmitrij Jaskin - Sewer Rats : 6 - Sasquatch : 7.
16:11 of 3rd period - Drew Shore wins face-off versus Vincent Trocheck in neutral zone.
16:33 of 3rd period - Minor Penalty to Brock Trotter for Interference.
16:34 of 3rd period - D.J King wins face-off versus Peter Mueller in Sasquatch zone.
17:38 of 3rd period - Kris Russell is hit by Kyle Quincey and loses puck.
18:09 of 3rd period - Zach Boychuk is hit by Drew Shore and loses puck.
18:33 of 3rd period - Penalty to Brock Trotter is over, Brock Trotter is back on ice.
18:48 of 3rd period - Brock Trotter is hit by Derek Dorsett.
19:16 of 3rd period - Sewer Rats, Richard Bachman is pulled from the net.
19:16 of 3rd period - Snap shot by Mark Mancari.
19:16 of 3rd period - Deflect By Stephane Da Costa.
19:16 of 3rd period - Stopped by Corey Crawford without a rebound.
19:17 of 3rd period - Brent Sutter call a timeout for Sewer Rats.
19:17 of 3rd period - Peter Mueller wins face-off versus Drew Shore in Sasquatch zone.
19:52 of 3rd period - Wrist shot by Mark Mancari.
19:52 of 3rd period - Shot Misses the Net.
19:54 of 3rd period - Wrist shot by Mark Mancari.
19:54 of 3rd period - Stopped by Corey Crawford with a rebound.
Goals for this period are 2 for Sewer Rats vs 3 for Sasquatch.
Shots for this period are 8 for Sewer Rats vs 12 for Sasquatch.
Back to the Top